Map: 드림캐처 - 래더

Players

Trap

  • Race: Protoss Protoss
  • League: Master
  • Spawn Location: 5:00

Zest - Winner!

  • Race: Protoss Protoss
  • League: Master
  • Spawn Location: 11:00

Event: HomeStory Cup XVIII

VOD

Have the link to the VOD?

Description

Time

  • Played on: Nov. 24, 2018, 6:05 a.m.
  • Length: 9:46

All games in this series

Show
View Real Time Build Order
Export as new Build Order

Trap Protoss 

Build Orders: Zealot Archon 

Get SALT Encoding   

  12  0:00  Probe  
  13  0:12  Probe  
  14  0:17  Pylon  
  14  0:24  Probe  
  15  0:32  Probe  
  15  0:36  Gateway  
  15  0:40  Probe  
  17  0:50  Probe  
  17  0:53  Assimilator  
  18  0:57  Assimilator  
  18  0:58  Probe  
  19  1:07  Probe, Gateway  
  20  1:17  Probe  
  20  1:23  Cybernetics Core  
  21  1:29  Probe  
  22  1:34  Pylon  
  22  1:41  Probe  
  23  1:53  Probe  
  24  1:57  Warp Gate  
  24  1:59  Stalker  
  24  2:00  Sentry  
  28  2:11  Pylon  
  28  2:28  Stalker  
  28  2:29  Stalker  
  31  2:44  Nexus  
  31  2:47  Probe  
  32  2:55  Shield Battery  
  32  2:59  Probe  
  32  3:05  Pylon  
  33  3:11  Probe  
  34  3:16  Shield Battery  
  34  3:25  Shield Battery, Probe  
  35  3:27  Shield Battery  
  35  3:35  Stargate  
  35  3:40  Stargate  
  35  3:43  Probe  
  34  3:54  Probe  
  32  3:55  Probe  
  32  4:01  Stalker  
  32  4:02  Probe, Stalker  
  38  4:08  Probe  
  40  4:10  Probe  
  40  4:15  Oracle  
  41  4:18  Probe  
  41  4:20  Probe  
  43  4:26  Probe  
  47  4:32  Probe  
  47  4:38  Probe, Twilight Council  
  48  4:44  Probe, Pylon  
  50  4:50  Probe  
  51  4:56  Probe  
  51  5:03  Probe  
  49  5:08  Probe  
  49  5:09  Assimilator  
  49  5:10  Assimilator  
  49  5:11  Probe  
  50  5:17  Templar Archives  
  50  5:18  Charge  
  50  5:19  Probe  
  50  5:20  Probe  
  52  5:29  Probe  
  52  5:32  Probe  
  52  5:33  Adept x2  
  55  5:41  Probe  
  56  5:44  Probe  
  56  5:48  Pylon  
  55  5:53  Probe  
  55  5:56  Probe  
  57  5:57  High Templar  
  57  5:58  High Templar  
  59  6:05  Probe  
  59  6:09  Probe  
  61  6:11  Robotics Facility  
  61  6:13  Gateway x2  
  61  6:21  Gateway  
  61  6:22  Gateway  
  61  6:29  Probe x2  
  61  6:32  Gateway  
  59  6:40  High Templar x2  
  59  6:41  Probe x2  
  59  6:45  Gateway  
  65  6:49  Warp Prism  
  65  6:50  Pylon  
  65  7:00  Pylon  
  67  7:03  Probe x2  
  66  7:09  High Templar x2  
  66  7:12  Zealot x2  
  66  7:13  Archon x2  
  74  7:17  Zealot  
  74  7:18  Warp Prism  
  74  7:19  Zealot  
  80  7:33  High Templar x2  
  83  7:40  Archon  
  83  7:42  Zealot  
  83  7:47  Archon  
  83  7:53  Zealot x2  
  83  7:54  Zealot x3  
  83  7:56  Pylon  
  93  8:00  Pylon  
  67  8:29  High Templar x2  
  67  8:30  Zealot x2, High Templar x2  
  67  8:31  Zealot x2  
  67  8:33  Archon  
  83  8:36  Archon  
  83  8:38  Probe x2  
  81  8:53  Zealot x4  
  85  9:02  Zealot x4  
  93  9:22  Zealot x7  
Show
View Real Time Build Order
Export as new Build Order

Zest Protoss - Winner!

Build Orders: Phoenix Opening 

Get SALT Encoding   

  12  0:00  Probe  
  13  0:12  Probe  
  14  0:17  Pylon  
  14  0:24  Probe  
  15  0:32  Probe  
  15  0:36  Gateway  
  15  0:40  Probe  
  16  0:45  Assimilator  
  17  0:51  Probe  
  17  0:54  Assimilator  
  18  1:04  Gateway  
  18  1:08  Probe  
  19  1:20  Probe  
  19  1:23  Cybernetics Core  
  20  1:29  Pylon  
  20  1:32  Probe  
  21  1:44  Probe  
  22  1:51  Stalker x2  
  22  1:56  Probe  
  27  2:02  Warp Gate  
  27  2:19  Adept x2  
  31  2:27  Stargate  
  31  2:34  Pylon  
  31  3:01  Nexus  
  31  3:05  Phoenix  
  31  3:16  Probe  
  34  3:28  Phoenix, Probe  
  37  3:38  Pylon  
  37  3:50  Probe  
  37  3:53  Phoenix  
  37  4:02  Probe  
  37  4:05  Stargate  
  37  4:14  Stalker x2  
  37  4:15  Probe  
  42  4:23  Shield Battery  
  42  4:35  Stalker x2  
  42  4:37  Probe  
  47  4:39  Probe  
  48  4:49  Phoenix  
  48  4:50  Probe  
  48  4:51  Probe  
  52  5:02  Probe  
  52  5:03  Phoenix  
  52  5:04  Probe  
  56  5:09  Pylon  
  56  5:16  Probe x2  
  58  5:23  Robotics Facility  
  58  5:25  Forge  
  58  5:26  Probe  
  58  5:27  Probe  
  56  5:34  Probe  
  56  5:39  Probe  
  56  5:40  Protoss Ground Weapons Level 1  
  57  5:43  Probe  
  59  5:50  Probe  
  59  5:53  Pylon  
  59  5:55  Assimilator, Probe  
  59  5:56  Assimilator  
  61  6:02  Probe  
  62  6:09  Probe  
  63  6:11  Gateway x2  
  63  6:12  Observer  
  63  6:14  Probe  
  65  6:19  Sentry  
  65  6:22  Probe  
  68  6:26  Probe  
  69  6:34  Probe  
  69  6:38  Probe  
  69  6:39  Gateway  
  75  6:41  Gateway  
  75  6:43  Immortal  
  75  6:47  Twilight Council  
  75  6:54  Gateway  
  75  6:55  Pylon  
  75  7:15  Gateway  
  75  7:21  Pylon  
  75  7:22  Immortal  
  79  7:24  Charge, Templar Archives  
  79  7:27  Observer  
  79  7:31  Pylon x2  
  79  7:33  Photon Cannon  
  79  7:49  Zealot  
  79  7:50  Zealot x5  
  91  8:00  Gateway  
  91  8:03  Pylon  
  87  8:14  Zealot x2, High Templar x2  
  87  8:17  Zealot  
  87  8:19  Archon  
  91  8:23  Zealot x2  
  89  8:32  Zealot  
  91  8:38  High Templar x2  
  91  8:39  Shield Battery  
  93  8:42  Archon  
  89  8:49  Zealot x4  
  93  8:58  High Templar x2  
  93  9:02  Archon  
  97  9:06  Pylon  
  97  9:10  Zealot x2  
  102  9:26  Zealot x4  
  107  9:35  Zealot x2  
Tags
 
Add a new tag
Caveats
  • Supply blocks, unpowered buildings, or Contaminate may cause inaccurate times.
  • Supply counts are checked every 10 seconds.